 Dungeon Crawl Stone Soup version 0.31-a0-202-g547052bce9 (webtiles) character file.

Game seed: 8891098939923034033

3827 tsouns the Reanimator (level 9, -1/73 (74) HPs)
             Began as a Demonspawn Necromancer on June 22, 2023.
             Was a Priest of Sif Muna.
             Slain by a wight
             ... wielding a +0 hand axe
              (6 damage)
             ... on level 9 of the Dungeon on June 26, 2023.
             The game lasted 00:28:20 (10110 turns).

tsouns the Reanimator (Demonspawn Necromancer)     Turns: 10110, Time: 00:28:21

HP:   -1/73 (74)    AC: 10    Str:  8    XL:     9   Next: 97%
MP:   18/18         EV: 18    Int: 22    God:    Sif Muna [***...]
Gold: 557           SH:  8    Dex: 13    Spells: 6/20 levels left

rFire   . . .        s - +4 sling
rCold   . . .        e - +0 buckler
rNeg    . . .        a - +0 robe
rPois   .            (helmet restricted)
rElec   .            k - +2 cloak
rCorr   +            q - +0 pair of gloves
SInv    .            (no boots)
Will    .....        (no amulet)
Stlth   ++           o - ring of resist corrosion
HPRegen 0.32/turn    n - +5 ring of evasion
MPRegen 0.16/turn

%: clarity
@: lightly drained
A: repulsion field 1, icemail 1, condensation shield, weakness stinger 1,
antennae 1, clarity, robust 1, MP-powered wands
a: Renounce Religion, Channel Magic, Forget Spell


You were on level 9 of the Dungeon.
You worshipped Sif Muna.
Sif Muna was most pleased with you.
You visited 2 branches of the dungeon, and saw 10 of its levels.

You collected 581 gold pieces.
You spent 24 gold pieces at shops.

Inventory:

Hand Weapons
 l - a +4 quarterstaff of chaos
 s - a +4 sling (weapon)
 x - a +0 orcbow
Missiles
 p - 2 throwing nets
Armour
 a - a +0 robe (worn)
 e - a +0 buckler (worn)
 k - a +2 cloak (worn)
 q - a +0 pair of gloves (worn)
Magical Staves
 f - a staff of death
Jewellery
 n - a +5 ring of evasion (right hand)
 o - a ring of resist corrosion (left hand)
 t - a ring of ice
Scrolls
 h - a scroll of blinking
 i - 2 scrolls of amnesia
 r - a scroll of silence
 v - 2 scrolls of identify
Potions
 b - a potion of magic
 c - a potion of degeneration
 d - a potion of resistance
 j - a potion of lignification
 m - 2 potions of curing
 u - a potion of attraction


   Skills:
 + Level 5.5 Fighting
 + Level 5.6 Staves
 - Level 1.7 Dodging
 - Level 1.7 Stealth
 + Level 2.7 Shields
 + Level 6.2 Spellcasting
 - Level 2.1 Summonings
 + Level 8.4 Necromancy
 - Level 5.2 Evocations


You had 6 spell levels left.
You knew the following spells:

 Your Spells              Type           Power      Damage    Failure   Level
a - Necrotise             Necr           100%       1d9       1%          1
b - Vampiric Draining     Necr           44%        2d9       1%          3
c - Summon Small Mammal   Summ           64%        N/A       5%          1
d - Animate Dead          Necr           44%        N/A       4%          4
e - Agony                 Necr           44%        N/A       12%         5

Your spell library contained the following spells:

 Spells                   Type           Power      Damage    Failure   Level
 Cigotuvi's Dreadful Rot  Necr/Pois/Air  38%        N/A       7%          2
 Call Canine Familiar     Summ           16%        N/A       17%         3
 Summon Guardian Golem    Hex/Summ       11%        N/A       26%         3
 Ignite Poison            Fire/Tmut/Pois 6%         N/A       38%         3
 Freezing Cloud           Conj/Ice/Air   3%         6-21      98%         5


Dungeon Overview and Level Annotations

Branches:
Dungeon (9/15)             Temple (0/1) D:5             Orc (1/2) D:9
   Lair: D:8-11

Altars:
Gozag
Makhleb
Qazlal
Sif Muna
Trog
Vehumet
Xom

Shops:
D:2 :   D:6 =   D:8 *

Annotations:
D:5 3 runed translucent doors, lucassayen's ghost, novice HOFi


Innate Abilities, Weirdness & Mutations

You are surrounded by a mild repulsion field. (EV +2)
A meltable icy envelope protects you from harm. (AC +4)
A meltable shield of frost defends you. (SH +4)
You have a small tail.
You have a pair of small antennae on your head.
You possess an exceptional clarity of mind.
You are robust. (+10% HP)
You expend magic power (3 MP) to strengthen your wands.


Message History

The wight is severely damaged.
Your bat barely misses the wight.
Your bat hits the wight but does no damage.
Your bat closely misses the wight.
The wight barely misses you.
The wight hits your bat with a +0 war axe.
The wight closely misses you.
The wight hits your bat with a +0 hand axe.
Your bat dies!
Your bat's corpse disappears in a puff of smoke!
The wight misses you. x2
You shoot a sling bullet.
The sling bullet barely misses the wight.
The wight misses you. The wight closely misses you.
Unknown command.
You shoot a sling bullet.
The sling bullet closely misses the wight.
The wight hits you with a +0 war axe.
* * * LOW HITPOINT WARNING * * *
You feel drained.
* * * LOW HITPOINT WARNING * * *
The wight hits you but does no damage. x2; You block the wight's attack.
You shoot a sling bullet. The sling bullet hits the wight!
You destroy the wight!
Sif Muna accepts your kill. The wight misses you.
Unknown command.
The wight barely misses you.
Things that are here:
a +0 war axe; a +0 robe Unknown command.
The wight closely misses you.
Unknown command.
There is a broken door here.
The wight attacks as you move away! The wight closely misses you.
The wight barely misses you. The wight hits you but does no damage.
There is an open door here.
There is a stone staircase leading up here.
The wight hits you with a +0 hand axe.
You die...

#####.# .#.. #..#........ ......#
'.##########..#........ ......#
#.#...........#'####### #####.#
#.#.................... ....#.#
#.'....................
....#.#####.#......>.............
....#.......#..ยง.................
....#.......#.#####..............
....#...#+###)#.@.#..............
#####...#...Z.#..z#..#########...
...)....#.....#...'..#.......#...
..#####<#.....#...#..#.......#...
#.+zz.#.#.....#####..#..)....#...
#.+z..#.#............'.......#.z.
..#.z.#.##...........#.......#...
..#####..#...........#.......#...
.........#...........#.......#...


You could see a wight.

Vanquished Creatures
  A wraith (D:9)
  4 humans (D:8)
  2 steam dragons (D:9)
  2 water moccasins
  An orc warrior (D:9)
  3 black bears
  An ice beast (D:7)
  2 ogres
  A phantom (D:6)
  2 bullfrogs
  2 scorpions
  A gnoll sergeant (D:7)
  A wight (D:9)
  7 killer bees
  2 howler monkeys
  5 hounds
  Crazy Yiuf (D:4)
  2 iguanas (D:6)
  3 sleepcaps
  6 orc wizards
  4 gnolls (D:7)
  9 adders
  A shadow imp (D:4)
  3 white imps
  9 ufetubi
  2 worms (D:3)
  A dart slug (D:2)
  30 orcs
  8 endoplasms
  3 giant cockroaches
  4 goblins
  3 hobgoblins
  5 kobolds
  A quokka (D:3)
  9 ball pythons
  9 bats
  2 frilled lizards
  A rat (D:2)
153 creatures vanquished.

Vanquished Creatures (collateral kills)
  A human (D:8)
  An ogre (D:6)
  A scorpion (D:4)
  A wight (D:9)
  An electric eel (D:6)
  2 quasits (D:4)
  An orc priest (D:9)
  A jelly (D:5)
  An ufetubus (D:4)
  An orc (D:9)
  2 frilled lizards (D:3)
13 creatures vanquished.

Vanquished Creatures (others)
  3 orc zombies (D:6)
  3 kobolds (D:9)
6 creatures vanquished.

Grand Total: 172 creatures vanquished

Notes
Turn   | Place    | Note
-------+----------+-------------------------------------------
     0 | D:1      | tsouns the Demonspawn Necromancer began the quest for the
                  | Orb.
     0 | D:1      | Reached XP level 1. HP: 13/13 MP: 3/3
   325 | D:1      | Gained mutation: You have a small tail. [demonic ancestry]
   325 | D:1      | Reached XP level 2. HP: 20/20 MP: 3/5
   505 | D:1      | Reached skill level 1 in Fighting
  1447 | D:2      | Gained mutation: You are surrounded by a mild repulsion
                  | field. (EV +2) [demonic ancestry]
  1447 | D:2      | Reached XP level 3. HP: 26/26 MP: 3/6
  1501 | D:2      | Found a shimmering blue altar of Sif Muna.
  1527 | D:2      | Became a worshipper of Sif Muna the Loreminder
  1677 | D:2      | Learned a level 3 spell: Vampiric Draining
  1709 | D:2      | Found Entum's Book Boutique.
  1956 | D:3      | Reached skill level 1 in Evocations
  2042 | D:3      | Found a shimmering blue altar of Sif Muna.
  2056 | D:3      | Reached skill level 1 in Staves
  2363 | D:3      | Found a faded altar of an unknown god.
  2450 | D:3      | Gained mutation: A meltable shield of frost defends you.
                  | (SH +4) [demonic ancestry]
  2450 | D:3      | Reached XP level 4. HP: 32/32 MP: 1/8
  2600 | D:3      | Reached skill level 5 in Necromancy
  3023 | D:4      | Learned a level 1 spell: Summon Small Mammal
  3275 | D:4      | Found a runed translucent door.
  3276 | D:4      | Noticed Crazy Yiuf
  3301 | D:4      | Gained mutation: A meltable icy envelope protects you from
                  | harm. (AC +4) [demonic ancestry]
  3301 | D:4      | Reached XP level 5. HP: 33/37 MP: 3/9
  3332 | D:4      | Reached * piety under Sif Muna
  3537 | D:4      | Reached skill level 1 in Summonings
  3748 | D:4      | Found a radiant altar of Vehumet.
  3822 | D:4      | Reached XP level 6. HP: 43/43 MP: 6/10
  3851 | D:4      | Learned a level 4 spell: Animate Dead
  4024 | D:4      | Found a burning altar of Makhleb.
  4689 | D:4      | Killed Crazy Yiuf
  4888 | D:5      | Entered Level 5 of the Dungeon
  5017 | D:5      | Reached XP level 7. HP: 28/48 MP: 0/12
  5118 | D:5      | Reached skill level 6 in Necromancy
  5231 | D:5      | Found a runed translucent gate.
  5231 | D:5      | Found a runed translucent gate.
  5231 | D:5      | Found a runed translucent gate.
  5415 | D:5      | Noticed lucassayen's ghost (novice HOFi)
  5479 | D:5      | Found a staircase to the Ecumenical Temple.
  5551 | D:5      | Reached ** piety under Sif Muna
  6038 | D:6      | Found Zaibatwa's Jewellery Boutique.
  6121 | D:6      | Reached XP level 8. HP: 49/57 MP: 7/14
  6912 | D:6      | Reached skill level 7 in Necromancy
  7009 | D:6      | Found a shimmering altar of Xom.
  7243 | D:7      | Found a bloodstained altar of Trog.
  7263 | D:7      | Reached skill level 5 in Spellcasting
  7787 | D:7      | Reached skill level 5 in Evocations
  7929 | D:7      | Reached XP level 9. HP: 59/65 MP: 9/16
  8413 | D:7      | Learned a level 5 spell: Agony
  8413 | D:7      | Upgraded the game from 0.31-a0-187-gba352fbbf7 to
                  | 0.31-a0-202-g547052bce9
  8527 | D:8      | Found Buotir's General Store.
  8535 | D:8      | Bought a scroll of identify for 24 gold pieces
  8647 | D:8      | Found a stormy altar of Qazlal.
  8938 | D:8      | Reached skill level 5 in Staves
  8938 | D:8      | Reached skill level 1 in Shields
  8966 | D:8      | Reached skill level 8 in Necromancy
  8973 | D:8      | Reached skill level 5 in Fighting
  9294 | D:8      | Found an opulent altar of Gozag.
  9447 | D:9      | Reached *** piety under Sif Muna
  9464 | D:9      | Gained mutation: You have a pair of small antennae on your
                  | head. [potion of mutation]
  9464 | D:9      | Gained mutation: You expend magic power (3 MP) to
                  | strengthen your wands. [potion of mutation]
  9464 | D:9      | Gained mutation: You possess an exceptional clarity of
                  | mind. [potion of mutation]
  9464 | D:9      | Gained mutation: You are robust. (+10% HP) [potion of
                  | mutation]
  9696 | D:9      | Found a staircase to the Orcish Mines.
 10028 | Orc:1    | Entered Level 1 of the Orcish Mines
 10033 | Orc:1    | Noticed an orc knight
 10097 | D:9      | HP: 3/73 [wight/+0 war axe (5)]
 10097 | D:9      | HP: 1/72 [wight/+0 war axe (2)]
 10110 | D:9      | Slain by a wight

Illustrated notes

Levels and vault maps discovered:
D:1:      amcnicky_arrival_single_pillar, layout_basic,
          ebering_dispersal_statue_hall
D:2:      layout_basic, basic_altar, serial_shops, shop,
          grunt_decor_mini_mirrors
D:3:      layout_basic, nicolae_sif_muna_condensation,
          cheibrodos_sewer_entry_bend, ebering_ecumenical_altar_webs,
          minmay_stone_trees_large, chequers_serial_rivers_micro_a
D:4:      layout_loops_corners, mainiacjoe_overflow_tiny_flanked,
          jmf_multi_god_temple, serial_demonic, serial_demonic_b,
          serial_demonic_c, serial_demonic_f, serial_demonic_a,
          serial_demonic_e, serial_demonic_f, uniq_crazy_yiuf_cottage
D:5:      layout_gridville, minmay_temple_entry_large_hall,
          gammafunk_ghost_nasty_kobolds
D:6:      layout_basic, led_xom_imps, serial_shops, shop,
          amcnicky_mini_pool_medium
D:7:      layout_basic, amcnicky_altar_gilded, serial_corexii_hall,
          chequers_hall_statues_y, chequers_hall_statues_wall_a,
          chequers_serial_rivers_micro_a, nicolae_the_louvre
D:8:      layout_rooms, marbit_many_paths, nicolae_overflow_hidden_temple,
          serial_shops, shop, minivault_24, minmay_ruffians
D:9:      layout_irregular_city, hangedman_abyss_or_decor_stagger
Orc:1:    layout_caves, serial_shops, nicolae_shop_tiny_real_fake_doors,
          basic_altar, gammafunk_ghost_split, mines4_lemuel

Skill      XL: |  1  2  3  4  5  6  7  8  9 |
---------------+----------------------------+-----
Fighting       | 1 2 4 5 |  5.5
Evocations     | 1 2 3 5 |  5.2
Staves         | 1 2 3 4 5 |  5.6
Necromancy     | 5 6 7 8 |  8.4
Spellcasting   | 3 4 5 6 |  6.2
Summonings     | 1 2 |  2.1
Shields        | 2 |  2.7
Dodging        | |  1.7
Stealth        | |  1.7

Action                     |  1- 3 |  4- 6 |  7- 9 || total
---------------------------+-------+-------+-------++-------
  Melee: Unarmed           |     7 |       |       ||     7
         Staff             |     8 |   148 |   248 ||   404
         Punch             |     1 |     2 |     4 ||     7
         Tailslap          |       |    15 |    36 ||    51
   Fire: Sling             |       |       |    15 ||    15
   Cast: Necrotise         |    82 |    71 |   252 ||   405
         Summon Small Mamm |       |    22 |    23 ||    45
         Animate Dead      |       |     4 |     3 ||     7
         Vampiric Draining |       |       |    11 ||    11
    Use: Scroll            |       |    11 |     9 ||    20
         Potion            |       |     2 |     8 ||    10
   Stab: Distracted        |       |     1 |     3 ||     4
         Sleeping          |       |       |     1 ||     1
 Armour: Robe              |     7 |   111 |   109 ||   227
  Dodge: Dodged            |    21 |   313 |   301 ||   635
  Block: Other             |       |    84 |    32 ||   116
         Buckler           |       |       |    88 ||    88

Table legend: (Time is in decaauts)
 A = Elapsed time spent in this place.
 B = Non-inter-level travel time spent in this place.
 C = Inter-level travel time spent in this place.
 D = Time resting spent in this place.
 E = Time spent auto-exploring this place.
 F = Levels seen in this place.
 G = Mean time per level.
                   A        B        C        D        E       F      G
               +--------+--------+--------+--------+--------+-----+--------+
         Total |  10149 |   9861 |    288 |    100 |   7604 |  10 | 1014.9 |
       Dungeon |  10121 |   9833 |    288 |    100 |   7603 |   9 | 1124.6 |
  Orcish Mines |     28 |     28 |      0 |      0 |      1 |   1 |   28.0 |
               +--------+--------+--------+--------+--------+-----+--------+

Top non-repeatable levels by time:
     D:4: 1910 daAuts
     D:8: 1385 daAuts
     D:7: 1225 daAuts
     D:3: 1138 daAuts
     D:5: 1121 daAuts
     D:6: 1075 daAuts
     D:1: 970 daAuts
     D:2: 894 daAuts
     D:9: 399 daAuts
   Orc:1: 28 daAuts
